 Dungeon Crawl Stone Soup version 0.18-a0-1720-g8df8b1a (webtiles) character file.

394 MackTheKnife the Magician (level 6, -13/34 HPs)
             Began as a Deep Elf Wanderer on Apr 9, 2016.
             Was an Initiate of Kikubaaqudgha.
             Mangled by a yak (16 damage)
             ... on level 4 of the Dungeon.
             The game lasted 00:13:26 (6695 turns).

MackTheKnife the Magician (Deep Elf Wanderer)       Turns: 6695, Time: 00:13:26

Health: -13/34     AC:  5    Str: 10    XL:     6   Next: 51%
Magic:  25/26      EV: 11    Int: 17    God:    Kikubaaqudgha [......]
Gold:   96         SH:  0    Dex: 15    Spells: 2 memorised, 14 levels left

rFire  . . .     SeeInvis .     a - +3 hand axe
rCold  . . .     Gourm    .     s - +1 robe
rNeg   . . .     Faith    .     (no shield)
rPois  .         Spirit   .     t - +1 helmet
rElec  .         Dismiss  .     (no cloak)
rCorr  .         Reflect  .     (no gloves)
SustAt .         Harm     .     (no boots)
MR     .....                    (no amulet)
Stlth  ++........               (no ring)
                                n - ring of magical power {MP+9}

@: not resistant to hostile enchantments, unstealthy
A: no striking features
a: Renounce Religion


You were on level 4 of the Dungeon.
You worshipped Kikubaaqudgha.
Kikubaaqudgha was noncommittal.
You were hungry.

You visited 2 branches of the dungeon, and saw 6 of its levels.

You collected 304 gold pieces.
You spent 208 gold pieces at shops.

Inventory:

Hand Weapons
 a - a +3 hand axe (weapon)
Armour
 s - a +1 robe (worn)
   (You took it off an orc on level 4 of the Dungeon)
 t - a +1 helmet (worn)
   (You found it on level 5 of the Dungeon)
Jewellery
 n - a ring of magical power (left hand) {MP+9}
   (You found it on level 1 of the Dungeon)
Wands
 e - a wand of slowing (0/48)
   (You found it on level 5 of the Dungeon)
 q - a wand of digging (11/24)
   (You found it on level 5 of the Dungeon)
Scrolls
 c - a scroll of teleportation
 h - a scroll of identify
 p - 2 scrolls of immolation {!r}
 r - 2 scrolls of enchant weapon
 v - a scroll of remove curse
Potions
 d - a potion of magic {unknown}
 i - 3 potions of curing
 j - 2 potions of heal wounds
 k - 2 potions of ambrosia
 l - 2 potions of flight
 m - a potion of might
Books
 b - the Handbook of Black Rituals

   Spells                             Type                      Level
   a - Pain                           Necromancy                   1
   b - Regeneration                   Charms/Necromancy            3
Comestibles
 f - 4 bread rations {@e1}
 g - a royal jelly
 o - a beef jerky


   Skills:
 - Level 1.0 Fighting
 - Level 1.0 Axes
 - Level 1.0 Armour
 - Level 1.2 Stealth
 + Level 6.9 Spellcasting
   Level 2.6 Hexes
 + Level 5.5 Necromancy
   Level 1.1 Poison Magic
 - Level 1.1 Evocations


You had 14 spell levels left.
You knew the following spells:

 Your Spells              Type           Power        Failure   Level  Hunger
r - Regeneration          Chrm/Necr      ###.......   12%         3    ##.....
z - Pain                  Necr           ###.         1%          1    None


Dungeon Overview and Level Annotations

Branches:
Dungeon (5/15)             Temple (1/1) D:4

Altars:
Ashenzari
Cheibriados
Dithmenos
Elyvilon
Gozag
Kikubaaqudgha
Makhleb
Nemelex Xobeh
Okawaru
Pakellas
Qazlal
Sif Muna
Trog
Vehumet
Yredelemnul
The Shining One

Shops:
D:5 !

Annotations:
D:3 Grinder, Sigmund


Message History

You open the door.
The phantom gestures.
The phantom blinks!
There is an open door here.
You close the door.
A phantom opens the door.
The phantom gestures.
The phantom blinks!
There is a stone staircase leading up here.
You climb upwards.
There is a stone staircase leading down here.
There is an open door here.
There is a staircase to the Ecumenical Temple here.
There is an open door here.
There is a stone staircase leading down here.
You climb downwards.
There is a stone staircase leading up here.
h - a scroll of identify 4 yaks come into view.
The yak bellows! x3
The yak gores you!
You take 9 damage, and have 25/34 hp.
MASSIVE DAMAGE!!
There is a stone staircase leading up here.
The yak closely misses you.
You climb upwards.
There is a stone staircase leading down here.
Unknown command.
Aim: a yak (chance to defeat MR: 54%)
The yak seems to slow down.
Evoking this partially-identified wand wasted a few charges.
Unknown command.
Aim: a yak (slow, chance to defeat MR: 83%)
The yak convulses in agony!
You take 1 damage, and have 26/34 hp.
You now have 25/26 mp.
Aim: a yak (lightly wounded, slow, chance to defeat MR: 83%)
The yak convulses in agony!
You take 1 damage, and have 25/34 hp.
You now have 24/26 mp.
You see here a leather armour.
MP restored: 26 A ball python comes into view.
There is an escape hatch in the floor here.
The ball python barely misses you. The ball python grabs you.
The ball python constricts you.
You take 1 damage, and have 26/34 hp.
You escape the ball python's grasp.
There is a stone staircase leading down here.
The ball python bites you but does no damage.
The ball python grabs you.
You stop descending the stairs.
The ball python constricts you.
Unknown command.
You can't go up here!
Unknown command.
Your attempt to break free from the ball python fails, but you feel that another attempt might succeed.
The ball python barely misses you. The ball python constricts you.
You escape the ball python's grasp.
The ball python bites you but does no damage.
The ball python barely misses you. The ball python bites you.
The ball python grabs you. The ball python constricts you.
You take 2 damage, and have 26/34 hp.
You closely miss the ball python.
The ball python bites you but does no damage.
The ball python constricts you.
Aim: a yak (chance to defeat MR: 83%)
The ball python convulses in agony!
You kill the ball python!
Kikubaaqudgha accepts your kill.
You take 1 damage, and have 25/34 hp.
You now have 25/26 mp.
Unknown command.
Your skin crawls.
You are feeling hungry.
The yak gores you!
You take 11 damage, and have 14/34 hp.
MASSIVE DAMAGE!!
You now have 22/26 mp.
Your skin is crawling a little less now.
Aim: a yak (chance to defeat MR: 54%)
The yak resists with significant effort.
Evoking this partially-identified wand wasted a few charges.
You regained 3 hp, and now have 21/34 hp.
Unknown command.
Aim: a yak (chance to defeat MR: 54%)
The yak resists with significant effort.
Evoking this partially-identified wand wasted a few charges.
Your skin stops crawling.
The yak gores you!
* * * LOW HITPOINT WARNING * * *
You take 13 damage, and have 10/34 hp.
MASSIVE DAMAGE!!
The yak gores you!
* * * LOW HITPOINT WARNING * * *
You take 7 damage, and have 3/34 hp.
MASSIVE DAMAGE!!
Aim: a yak (chance to defeat MR: 54%) Nothing appears to happen.
The yak gores you!
You die...
Kikubaaqudgha rasps: "You have failed me!
Welcome... death!"

.....# ##......... .....#
#####.......... .....####
########..............
........####........####.........
.............##.........#.##.....
............###.........#.##..###
.....#........#.........#.##†##
.....#..................#..#.####
######..........@Y...............
#...####>..###.................#
#...####........................
#...............................
#....#.#...#.####.##.........#..
#....#.#....!####.#..##.........
####...#........#...#####.......
###.#####....#..#####.....##.
#### #..# ###[....###.......###


You could see a yak.

Vanquished Creatures
  An ogre (D:5)
  A crimson imp (D:5)
  A hound (D:4)
  An orc priest (D:5)
  An orc wizard (D:5)
  A worker ant (D:4)
  6 adders
  A shadow imp (D:5)
  A worm (D:2)
  3 giant geckos
  15 orcs
  6 giant cockroaches
  9 goblins
  7 hobgoblins
  8 jackals
  5 kobolds
  5 ball pythons
  6 bats
  A giant gecko skeleton (D:5)
  A giant newt (D:1)
  A quokka skeleton (D:5)
  3 rats
84 creatures vanquished.

Notes
Turn   | Place    | Note
--------------------------------------------------------------
     0 | D:1      | MackTheKnife the Deep Elf Wanderer began the quest for the Orb.
     0 | D:1      | MackTheKnife set off with: a +2 hand axe, the Handbook of Black Rituals, a scroll of teleportation, a +0 robe, a bread ration {@e1}
     0 | D:1      | Reached XP level 1. HP: 12/12 MP: 6/6
     1 | D:1      | Identified the Handbook of Black Rituals
     3 | D:1      | Learned a level 1 spell: Pain
   255 | D:1      | Reached skill level 1 in Necromancy
   502 | D:1      | Reached XP level 2. HP: 14/16 MP: 5/8
  1038 | D:1      | Reached skill level 2 in Necromancy
  1554 | D:2      | HP: 1/16 [adder (5)]
  1557 | D:2      | Reached skill level 4 in Spellcasting
  1557 | D:2      | Reached XP level 3. HP: 12/20 MP: 9/10
  1711 | D:2      | HP: 4/20 [adder (3)]
  1858 | D:2      | Learned a level 3 spell: Regeneration
  2290 | D:2      | HP: 4/20 [jackal (2)]
  2291 | D:2      | Reached skill level 3 in Necromancy
  2729 | D:2      | Reached XP level 4. HP: 23/25 MP: 12/12
  3670 | D:2      | Reached skill level 5 in Spellcasting
  3709 | D:3      | Found a stormy altar of Qazlal.
  3709 | D:3      | Found a radiant altar of Vehumet.
  3710 | D:3      | Found a snail-covered altar of Cheibriados.
  3767 | D:3      | Noticed Grinder
  3887 | D:3      | Noticed Sigmund
  4382 | D:4      | Found a staircase to the Ecumenical Temple.
  4387 | Temple   | Entered the Ecumenical Temple
  4429 | Temple   | Became a worshipper of Kikubaaqudgha
  4570 | D:5      | Entered Level 5 of the Dungeon
  4571 | D:5      | Found Onkaci's Distillery.
  4581 | D:5      | Bought 2 potions of heal wounds for 130 gold pieces
  4581 | D:5      | Bought a potion of curing for 39 gold pieces
  4581 | D:5      | Bought a potion of curing for 39 gold pieces
  4604 | D:5      | Reached skill level 4 in Necromancy
  4604 | D:5      | Reached XP level 5. HP: 10/29 MP: 13/14
  4967 | D:5      | Reached skill level 6 in Spellcasting
  5129 | D:5      | Noticed an ogre
  5499 | D:4      | Reached skill level 5 in Necromancy
  5499 | D:4      | Reached XP level 6. HP: 28/34 MP: 17/17
  5805 | D:5      | HP: 6/34 [ogre/giant club (7)]
  6602 | D:5      | Noticed a yak
  6602 | D:5      | Noticed a yak
  6602 | D:5      | Noticed a yak
  6602 | D:5      | Noticed a yak
  6694 | D:4      | HP: 3/34 [yak (8)]
  6695 | D:4      | Mangled by a yak

Vault maps used:
D:1:      tarquinn_simple_flora_water_c
D:2:      kennysheep_generic_room_13
D:3:      nicolae_overflow_quartered_altars, first_bread, lemuel_another_geyser,
          uniq_grinder, uniq_sigmund
D:4:      temple_doors_c
D:5:      serial_shops, nicolae_shop_temple_entry_statues_fountains
Temple:   nicolae_temple_god_jail

Skill      XL: |  1  2  3  4  5 |
---------------+----------------+-----
Necromancy     | 1 2 3 4 5 |  5.5
Spellcasting   | 4 5 6 |  6.9
Fighting       | |  1.0
Axes           | |  1.0
Armour         | |  1.0
Stealth        | |  1.2
Hexes          | |  2.6
Poison Magic   | |  1.1
Evocations     | |  1.1

Action                   |  1- 3 |  4- 6 || total
-------------------------+-------+-------++-------
Melee: Hand axe          |    43 |    77 ||   120
 Cast: Pain              |    68 |    85 ||   153
       Regeneration      |     1 |     6 ||     7
Evoke: Wand              |       |     7 ||     7
  Use: Potion            |     2 |       ||     2
       Scroll            |       |    15 ||    15
 Stab: Sleeping          |     2 |     2 ||     4
  Eat: Chunk             |     5 |    13 ||    18

Vault maps used:
D:1:      tarquinn_simple_flora_water_c
D:2:      kennysheep_generic_room_13
D:3:      nicolae_overflow_quartered_altars, first_bread, lemuel_another_geyser,
          uniq_grinder, uniq_sigmund
D:4:      temple_doors_c
D:5:      serial_shops, nicolae_shop_temple_entry_statues_fountains
Temple:   nicolae_temple_god_jail

Table legend:
 A = Turns spent in this place as a percentage of turns spent in the entire game.
 B = Non-inter-level travel turns spent in this place as a percentage of non-inter-level travel turns spent in the entire game.
 C = Inter-level travel turns spent in this place as a percentage of turns spent in this place.
 D = Turns resting spent in this place as a percentage of non-inter-level travel turns spent in this place.
 E = Turns spent auto-exploring this place as a percentage of non-inter-level travel turns spent in this place.
 F = Non-inter-level travel turns spent in this place divided by the number of levels of this place that you've seen.
                   A       B       C       D       E      F
               +-------+-------+-------+-------+-------+----------------------
         Total | 100.0 | 100.0 |   0.9 |   6.2 |   6.4 | 260.3
       Dungeon |  96.2 |  96.2 |   0.9 |   6.5 |   6.7 | 300.4
        Temple |   3.8 |   3.8 |   0.0 |   0.0 |   0.0 |  60.0
               +-------+-------+-------+-------+-------+----------------------

Table legend:
 A = Kills in this place as a percentage of kills in entire the game.
 B = Kills by you in this place as a percentage of kills by you in the entire game.
 C = Kills by friends in this place as a percentage of kills by friends in the entire game.
 D = Other kills in this place as a percentage of other kills in the entire game.
 E = Experience gained in this place as a percentage of experience gained in the entire game.
 F = Experience gained in this place divided by the number of levels of this place that you have seen.
                   A       B       C       D       E      F
               +-------+-------+-------+-------+-------+----------------------
         Total | 100.0 | 100.0 |  -nan |  -nan | 100.0 |  93.8
       Dungeon | 100.0 | 100.0 |  -nan |  -nan | 100.0 | 112.6
               +-------+-------+-------+-------+-------+----------------------
